 Dungeon Crawl Stone Soup version 0.19-a0-1732-g0b18a7b (webtiles) character file.

79 Amnesiac the Cudgeler (level 4, -5/49 HPs)
             Began as an Ogre Monk on Sept 30, 2016.
             Slain by Crazy Yiuf
             ... wielding a +3 quarterstaff of chaos
              (6 damage)
             ... on level 4 of the Dungeon.
             The game lasted 00:02:20 (696 turns).

Amnesiac the Cudgeler (Ogre Monk)                    Turns: 696, Time: 00:02:20

Health: -5/49      AC:  3    Str: 16    XL:     4   Next: 37%
Magic:  1/4        EV: 11    Int:  9    God:
Gold:   75         SH:  0    Dex: 13    Spells: 0 memorised, 3 levels left

rFire  . . .     SeeInvis .     e - +2 dagger (drain)
rCold  . . .     Gourm    .     b - +0 robe
rNeg   . . .     Faith    .     (no shield)
rPois  .         Spirit   .     (helmet restricted)
rElec  .         Dismiss  .     (no cloak)
rCorr  .         Reflect  .     (gloves unavailable)
MR     .....     Harm     .     (boots unavailable)
Stlth  ++........               (no amulet)
                                (no ring)
                                (no ring)

@: lethally poisoned (-5 -> -7), drained
A: unfitting armour, tough skin 1
a: no special abilities


You were on level 4 of the Dungeon.
You were not hungry.

You visited 1 branch of the dungeon, and saw 4 of its levels.

You collected 75 gold pieces.

Inventory:

Hand Weapons
 e - a +2 dagger of draining (weapon)
 l - a +0 flail
Armour
 b - a +0 robe (worn)
Scrolls
 g - 2 scrolls of fear
 i - a scroll of amnesia
Comestibles
 c - a bread ration
 k - a beef jerky


   Skills:
 + Level 4.9(4.7) Fighting
 * Level 5.5(5.3) Maces & Flails
 + Level 3.1(3.0) Dodging
 - Level 1.5(1.4) Stealth


You had 3 spell levels left.
You didn't know any spells.

Dungeon Overview and Level Annotations

Branches:
Dungeon (4/15)
 Temple: D:4-7

Altars:

Annotations:
D:4 Crazy Yiuf


Innate Abilities, Weirdness & Mutations

You are too large for most types of armour.
You have tough skin. (AC +1)


Message History

Crazy Yiuf hits you but does no damage.
You hit Crazy Yiuf.
Crazy Yiuf is severely wounded.
Crazy Yiuf hits you with a quarterstaff of chaos.
* * * LOW HITPOINT WARNING * * *
Crazy Yiuf burns you.
* * * LOW HITPOINT WARNING * * *
You hit Crazy Yiuf. You drain Crazy Yiuf!
Crazy Yiuf is almost dead.
You feel sick.
Crazy Yiuf laughs, "Hah!
Scoff action koolooloo."
Crazy Yiuf barely misses you.
You hit Crazy Yiuf.
Crazy Yiuf is almost dead.
Crazy Yiuf hits you with a quarterstaff of chaos!
* * * LOW HITPOINT WARNING * * *
x2 You barely miss Crazy Yiuf.
Crazy Yiuf is almost dead.
Crazy Yiuf hits you with a quarterstaff of chaos.
You die...

***,,,,,*** *,,**,*,**,**,,,,,,,
,,,,,,,,* *,,**,*,**.#*,,,,***
**,****** **********.#*,,,,,,*
,,,,* ###.##,,,**,* **,,*
#....,,,,,*,, **,,* ####*
####..####*,,*** **,,* #)..###
##)))).....,,,,,, **,,*
#...'!####))))..#######*** **,,*
#...##..#@)))))........,* ,*,,*
####*###g#.)))#........,* **,,**
########........)# ,,,,,*
#.........# **,,,********
**######.........##
*,,,*,,,*,*,***,#...............#
*,***,*,*,*,,**,#....#....≈≈≈≈...
,,,,,,*,*,**,**,#.........≈≈≈≈⌠..
,,*****,*,**,,*,##.#####..≈≈≈≈...


You could see Crazy Yiuf.

Vanquished Creatures
  4 gnolls
  An adder (D:2)
  A dart slug (D:2)
  An orc (D:4)
  2 giant cockroaches
  2 goblins (D:1)
  3 hobgoblins
  A quokka (D:2)
  7 bats
  3 frilled lizards (D:2)
  3 kobolds
  3 rats (D:1)
31 creatures vanquished.

Notes
Turn   | Place    | Note
-------+----------+-------------------------------------------
     0 | D:1      | Amnesiac the Ogre Monk began the quest for the Orb.
     0 | D:1      | Reached XP level 1. HP: 24/24 MP: 1/1
    64 | D:1      | Reached XP level 2. HP: 20/32 MP: 2/2
   185 | D:2      | Reached XP level 3. HP: 20/40 MP: 3/3
   214 | D:2      | Reached skill level 5 in Maces & Flails
   391 | D:2      | Reached XP level 4. HP: 21/49 MP: 4/4
   667 | D:4      | Found a runed door.
   671 | D:4      | Noticed Crazy Yiuf
   695 | D:4      | HP: 1/49 [Crazy Yiuf/quarterstaff of chaos (3)]
   696 | D:4      | Slain by Crazy Yiuf

Vault maps used:
D:1:      erik_arrival_triangle_medium
D:3:      serial_glass, glass_columns_a, glass_columns_c
D:4:      first_bread, serial_shops, kennysheep_mini_moat,
          serial_park_tiny_pond, uniq_menkaure, uniq_crazy_yiuf_cottage

Skill      XL: |  1  2  3 |
---------------+----------+-----
Maces & Flails | 5 |  5.5
Dodging        | 3 |  3.1
Fighting       | |  4.9
Stealth        | |  1.5

Action                   |  1- 3 |  4- 6 || total
-------------------------+-------+-------++-------
Melee: Mace              |    27 |       ||    27
       Dagger            |    40 |    39 ||    79
  Use: Scroll            |       |     5 ||     5
 Stab: Sleeping          |     3 |     1 ||     4
Armor: Robe              |    19 |     6 ||    25
Dodge: Dodged            |    47 |    15 ||    62
